 Dungeon Crawl Stone Soup version 0.28.0-53-g5a82cb258f (webtiles) character file.

Game seed: 4309007666082250393

396 Peloso the Covered (level 6, -3/53 HPs)
             Began as a Minotaur Fighter on Aug 11, 2022.
             Slain by a bullfrog (5 damage)
             ... on level 4 of the Dungeon.
             The game lasted 00:04:53 (2863 turns).

Peloso the Covered (Minotaur Fighter)               Turns: 2863, Time: 00:04:54

Health: -3/53      AC:  7    Str: 21    XL:     6   Next: 52%
Magic:  5/5        EV: 10    Int:  5    God:
Gold:   71         SH:  4    Dex: 11    Spells: 5/5 levels left

rFire   . . .      SeeInvis .   a - +1 long sword
rCold   . . .      Faith    .   c - +0 buckler
rNeg    . . .      Spirit   .   b - +0 scale mail
rPois   .          Reflect  .   (helmet restricted)
rElec   .          Harm     .   (no cloak)
rCorr   .          Rampage  .   (no gloves)
Will    .....                   (no boots)
Stlth   ..........              (no amulet)
HPRegen 0.17/turn               (no ring)
MPRegen 0.09/turn               (no ring)

@: no status effects
A: horns 2, retaliatory headbutt
a: no special abilities


You were on level 4 of the Dungeon.
You visited 1 branch of the dungeon, and saw 4 of its levels.

You collected 71 gold pieces.

Inventory:

Hand Weapons
 a - a +1 long sword (weapon)
Armour
 b - a +0 scale mail (worn)
 c - a +0 buckler (worn)
Jewellery
 e - a +4 ring of slaying
 g - an amulet of the acrobat
Wands
 l - a wand of mindburst (18)
Scrolls
 h - 2 scrolls of identify {unknown}
 i - a scroll of blinking {unknown}
 j - a scroll of noise {unknown}
 k - a scroll of teleportation {unknown}
Potions
 d - 2 potions of might
 f - 2 potions of flight


   Skills:
 + Level 4.6 Fighting
 + Level 5.4 Long Blades
 + Level 5.6 Armour
 + Level 1.8 Dodging
 + Level 0.7 Stealth
 + Level 4.3 Shields


You had 5 spell levels left.
You didn't know any spells.
Your spell library contained the following spells:

 Spells                   Type           Power      Damage    Failure   Level
 Beastly Appendage        Tmut           0%         N/A       87%         1
 Sandblast                Erth           0%         2d4       87%         1
 Corpse Rot               Necr/Air       0%         N/A       95%         2
 Ensorcelled Hibernation  Hex/Ice        0%         N/A       95%         2
 Passwall                 Tmut/Erth      0%         N/A       95%         2
 Poisonous Vapours        Pois/Air       0%         N/A       95%         2
 Wereblood                Tmut           0%         N/A       95%         2
 Spider Form              Tmut/Pois      0%         N/A       99%         3
 Stone Arrow              Conj/Erth      0%         3d7       99%         3
 Swiftness                Air            0%         N/A       99%         3
 Summon Ice Beast         Ice/Summ       0%         N/A       100%        4
 Excruciating Wounds      Necr           0%         N/A       100%        5
 Borgnjor's Revivificati  Necr           0%         N/A       100%        8


Dungeon Overview and Level Annotations

Branches:
Dungeon (4/15)
 Temple: D:4-7

Altars:


Innate Abilities, Weirdness & Mutations

You have a pair of horns on your head.
You reflexively headbutt those who attack you in melee.


Message History

You kill the wyvern!
The bullfrog closely misses you. The kobold completely misses you.
You feel your dexterity returning.
Your Long Blades skill increases to level 5!
You have reached level 6!
You block the bullfrog's attack.
You see here a wyvern corpse.
You closely miss the bullfrog. The bullfrog hits you.
The bullfrog hits you but does no damage.
You barely miss the bullfrog. The bullfrog barely misses you.
The kobold barely misses you.
The bullfrog hits you but does no damage.
You closely miss the bullfrog. You headbutt the bullfrog!
The bullfrog is moderately wounded.
The bullfrog hits you.
An ogre comes into view. It is wielding a +0 giant club.
A hound comes into view.
The kobold hits you but does no damage. The bullfrog hits you.
You hit the bullfrog.
The bullfrog is heavily wounded.
The kobold misses you. The bullfrog hits you. The kobold barely misses you.
The bullfrog completely misses you.
You closely miss the bullfrog. Your headbutt misses the bullfrog.
The bullfrog is heavily wounded.
You block the bullfrog's attack. The kobold hits you but does no damage.
You barely miss the bullfrog.
The bullfrog is heavily wounded.
The bullfrog hits you but does no damage.
You block the bullfrog's attack. The kobold closely misses you.
You furiously retaliate!
You headbutt the kobold!
You kill the kobold!
Found 2 purple potions.
The ogre hits you with a +0 giant club!!
* * * LOW HITPOINT WARNING * * *
Okay, then.
The hound bites you but does no damage.
You see here 2 purple potions.
You block the bullfrog's attack. The hound bites you but does no damage.
The bullfrog hits you.
You die...

.. ... ### ... #.#
#.#. .........
##.#.#.#.#.#..
#............##
##@#.#.#.#.#..
##hF...........
##.#!#O#.#.#.#.#..
#................
#...##.#.#.#.#.##
#.........†.....#
#....#.#.#)#.#.#...
#........##<.......
#.........
##.......


You could see an ogre, a bullfrog and a hound.

Vanquished Creatures
  A wyvern (D:4)
  A hound (D:2)
  Ijyb (D:3)
  A centaur skeleton (D:4)
  An iguana (D:3)
  An orc wizard (D:3)
  2 adders
  3 worms (D:2)
  3 orcs (D:3)
  7 endoplasms
  8 giant cockroaches
  9 goblins
  13 hobgoblins
  11 kobolds
  2 quokkas
  5 ball pythons
  6 bats
  3 frilled lizards
  6 rats
84 creatures vanquished.

Notes
Turn   | Place    | Note
-------+----------+-------------------------------------------
     0 | D:1      | Peloso the Minotaur Fighter began the quest for the Orb.
     0 | D:1      | Reached XP level 1. HP: 19/19 MP: 0/0
   132 | D:1      | Reached XP level 2. HP: 25/27 MP: 1/1
   400 | D:1      | Reached XP level 3. HP: 33/33 MP: 2/2
   558 | D:1      | Found a faded altar of an unknown god.
  1374 | D:2      | Reached XP level 4. HP: 39/40 MP: 3/3
  2077 | D:3      | Got Sif Muna's Reference Book on Black Rituals and Calling
  2121 | D:3      | Reached skill level 1 in Dodging
  2121 | D:3      | Reached XP level 5. HP: 42/46 MP: 4/4
  2530 | D:3      | Noticed Ijyb
  2542 | D:3      | Killed Ijyb
  2543 | D:3      | Reached skill level 5 in Armour
  2842 | D:4      | Noticed a wyvern
  2848 | D:4      | Killed a wyvern
  2849 | D:4      | Reached skill level 5 in Long Blades
  2849 | D:4      | Reached XP level 6. HP: 34/53 MP: 5/5
  2857 | D:4      | HP: 1/53 [ogre/+0 giant club (22)]
  2863 | D:4      | Slain by a bullfrog

Illustrated notes

Levels and vault maps discovered:
D:1:      dpeg_arrival_morbid_curiosity, layout_loops_ring,
          basic_ecumenical_altar
D:2:      layout_loops_corners, chequers_serial_rivers_small_a
D:3:      layout_rooms, uniq_ijyb
D:4:      layout_cave_pools, mainiacjoe_overflow_cross_hatched,
          gammafunk_ghost_mausoleum, st_stairs_10

Skill      XL: |  1  2  3  4  5 |
---------------+----------------+-----
Long Blades    | 3 4 5 |  5.4
Armour         | 4 5 |  5.6
Shields        | 4 |  4.3
Fighting       | 4 |  4.6
Dodging        | 1 |  1.8
Stealth        | |  0.7

Action                   |  1- 3 |  4- 6 || total
-------------------------+-------+-------++-------
Melee: Long sword        |    95 |    83 ||   178
       Headbutt          |     9 |    14 ||    23
  Use: Potion            |     4 |     1 ||     5
       Scroll            |     1 |     1 ||     2
Armor: Scale mail        |    58 |    47 ||   105
Dodge: Dodged            |    49 |    31 ||    80
Block: Buckler           |    15 |    17 ||    32
